 Dungeon Crawl Stone Soup version 0.22.1-1-ga44c0e5 (webtiles) character file.

690 harcile the Shield-Bearer (level 7, -7/61 HPs)
             Began as a Hill Orc Fighter on Oct 27, 2018.
             Mangled by an ogre
             ... wielding a +0 giant spiked club
              (18 damage)
             ... on level 5 of the Dungeon.
             The game lasted 00:18:44 (3537 turns).

harcile the Shield-Bearer (Hill Orc Fighter)        Turns: 3537, Time: 00:18:44

Health: -7/61      AC:  7    Str: 17 (20) XL:     7   Next: 63%
Magic:  7/7        EV:  8    Int:  7 (8)  God:
Gold:   275        SH:  9    Dex:  8 (11) Spells: 6/6 levels left

rFire    + . .     SeeInvis .   a - +0 long sword
rCold    + . .     Gourm    .   c - +0 shield
rNeg     . . .     Faith    .   b - +0 scale mail
rPois    +         Spirit   .   (no helmet)
rElec    +         Reflect  .   (no cloak)
rCorr    +         Harm     .   (no gloves)
MR       .....                  (no boots)
Stlth    ..........             (no amulet)
HPRegen  0.20/turn              (no ring)
MPRegen  0.10/turn              (no ring)

@: resistant
A: no striking features
a: no special abilities


You were on level 5 of the Dungeon.
You were not hungry.

You visited 1 branch of the dungeon, and saw 5 of its levels.

You collected 275 gold pieces.

Inventory:

Hand Weapons
 a - a +0 long sword (weapon)
 k - a cursed -2 hunting sling
 x - a +1 spear of piercing
Missiles
 j - 3 throwing nets (quivered)
Armour
 b - a +0 scale mail (worn)
 c - a +0 shield (worn)
Jewellery
 o - an uncursed ring of poison resistance {unknown}
 w - a cursed ring of see invisible {unknown}
Wands
 y - a wand of digging (16)
Scrolls
 e - a scroll of blinking {unknown}
 g - a scroll of amnesia {unknown}
 h - 4 scrolls of teleportation {unknown}
 i - 5 scrolls of fog {unknown}
 l - 6 scrolls of identify {unknown}
 p - 3 scrolls of magic mapping {unknown}
 s - a scroll of remove curse {unknown}
 A - a scroll of enchant armour {unknown}
 C - a scroll of random uselessness {unknown}
 D - a scroll of fear {unknown}
Potions
 q - a potion of flight {unknown}
 r - a potion of magic {unknown}
 t - a potion of lignification {unknown}
 u - a potion of curing
 v - a potion of cancellation {unknown}
 z - a potion of brilliance {unknown}
 B - a potion of agility {unknown}
Comestibles
 f - 8 rations


   Skills:
 + Level 5.1 Fighting
 + Level 5.5 Long Blades
 + Level 4.6 Armour
 + Level 1.4 Dodging
 + Level 1.1 Stealth
 + Level 5.7 Shields


You had 6 spell levels left.
You didn't know any spells.
Your spell library was empty.

Dungeon Overview and Level Annotations

Branches:
Dungeon (5/15)
 Temple: D:4-7

Altars:
Dithmenos
Hepliaklqana
Qazlal
Ru
Trog
Wu Jian


Message History

The ogre is lightly wounded.
The ogre hits you with a giant spiked club!
There is an open door here.
You hit the ogre.
The ogre is lightly wounded.
The ogre hits you with a giant spiked club!
Your shield and scale mail prevent you from hitting the ogre.
The ogre is lightly wounded.
The ogre hits you with a giant spiked club!!
* * * LOW HITPOINT WARNING * * *
It was a potion of curing.
You feel better.
It was a potion of degeneration.
There was something very wrong with that liquid.
You feel weakened.
You feel dopey.
You feel clumsy.
The ogre hits you with a giant spiked club.
* * * LOW HITPOINT WARNING * * *
It was a potion of resistance.
You feel protected.
The ogre hits you with a giant spiked club!!
You die...

#..o.....o..#o.....
###'#########.o....
#...###...........#
#.o...#...........#
#.....#...........#
#.....#...........#
#oo..##...........#
#O####.....#####...
#.@..#.....# #...
#....#.....# #<..
#....#.....# #...
#....#.....# #...
#....#.....# #...
######.....# #...
....... ####
........#
.........#


You could see an ogre and an orc.

Vanquished Creatures
  A sky beast (D:3)
  2 ogres
  A howler monkey (D:5)
  An orc wizard (D:3)
  Ijyb (D:4)
  Natasha (thrice) (D:3)
  3 worker ants (D:4)
  3 gnolls
  6 adders
  2 oozes (D:2)
  An adder skeleton (D:4)
  4 worms
  A dart slug (D:3)
  2 leopard geckos
  5 orcs
  5 giant cockroaches
  11 hobgoblins
  7 jackals
  4 kobolds
  A quokka (D:3)
  9 bats
  5 frilled lizards
  9 goblins
  A jackal skeleton (D:4)
  5 rats
93 creatures vanquished.

Notes
Turn   | Place    | Note
-------+----------+-------------------------------------------
     0 | D:1      | harcile the Hill Orc Fighter began the quest for the Orb.
     0 | D:1      | Reached XP level 1. HP: 19/19 MP: 1/1
     6 | D:1      | Noticed a rime drake
     6 | D:1      | Noticed a swamp worm
     6 | D:1      | Noticed a salamander
     6 | D:1      | Noticed a black bear
     6 | D:1      | Noticed a hog
   129 | D:1      | Reached XP level 2. HP: 27/27 MP: 2/2
   745 | D:2      | Reached XP level 3. HP: 33/33 MP: 3/3
   876 | D:2      | Found a shadowy altar of Dithmenos.
  1047 | D:2      | Found a bloodstained altar of Trog.
  1047 | D:2      | Noticed an ogre
  1079 | D:3      | Reached XP level 4. HP: 35/40 MP: 4/4
  1150 | D:3      | Noticed Natasha
  1150 | D:3      | Noticed a sky beast
  1155 | D:3      | Killed Natasha
  1165 | D:3      | HP: 2/40 [sky beast (6)]
  1170 | D:3      | Killed a sky beast
  1170 | D:3      | Reached XP level 5. HP: 3/47 MP: 5/5
  1473 | D:3      | Found an ornate altar of the Wu Jian Council.
  1541 | D:2      | Killed an ogre
  1541 | D:2      | Reached XP level 6. HP: 10/53 MP: 6/6
  1919 | D:3      | Noticed Natasha
  1933 | D:3      | Killed Natasha
  1933 | D:3      | Reached skill level 5 in Shields
  1975 | D:3      | Noticed Natasha
  2207 | D:3      | Killed Natasha
  2207 | D:3      | Reached skill level 1 in Dodging
  2250 | D:3      | Found a sacrificial altar of Ru.
  2504 | D:4      | Reached XP level 7. HP: 56/60 MP: 7/7
  2510 | D:4      | Noticed Ijyb
  2514 | D:4      | Found a hazy altar of Hepliaklqana.
  2529 | D:4      | Reached skill level 5 in Fighting
  2529 | D:4      | Reached skill level 5 in Long Blades
  2561 | D:4      | Killed Ijyb
  2918 | D:4      | Reached skill level 1 in Stealth
  3110 | D:4      | Found a stormy altar of Qazlal.
  3339 | D:5      | Entered Level 5 of the Dungeon
  3537 | D:5      | Mangled by an ogre

Skill      XL: |  1  2  3  4  5  6  7 |
---------------+----------------------+-----
Fighting       | 4 5 |  5.1
Long Blades    | 3 4 5 |  5.5
Shields        | 4 5 |  5.7
Armour         | 4 |  4.6
Dodging        | 1 |  1.4
Stealth        | 1 |  1.1

Action                   |  1- 3 |  4- 6 |  7- 9 || total
-------------------------+-------+-------+-------++-------
Melee: Long sword        |   149 |   140 |   102 ||   391
  Use: Potion            |       |     1 |     3 ||     4
 Stab: Paralysed         |       |     2 |       ||     2
       Invisible         |       |     1 |       ||     1
  Eat: Chunk             |     1 |     5 |     3 ||     9
Armor: Scale mail        |    88 |    51 |    61 ||   200
Dodge: Dodged            |    63 |    38 |    35 ||   136
Block: Shield            |    92 |    69 |    49 ||   210
       Rpst.: Long sword |    23 |    13 |    11 ||    47
